 Dungeon Crawl Stone Soup version 0.30-a0-1074-g5db6f66fbb (webtiles) character file.

Game seed: 2656068152045329735

5612 pokedragonboy the Destroyer (level 10, -7/50 HPs)
             Began as a Tengu Conjurer on Apr 13, 2023.
             Was a Priest of Vehumet.
             Mangled by Erica
             ... wielding a +3 scimitar of flaming
              (16 damage)
             ... on level 10 of the Dungeon.
             The game lasted 00:38:50 (12384 turns).

pokedragonboy the Destroyer (Tengu Conjurer)       Turns: 12384, Time: 00:38:50

Health: -7/50      AC:  6    Str:  8    XL:     10   Next: 73%
Magic:  11/21      EV: 16    Int: 22    God:    Vehumet [***...]
Gold:   754        SH:  0    Dex: 16    Spells: 12/23 levels left

rFire   . . .      SeeInvis .    j - +1 spear (venom)
rCold   + . .      Faith    +    (no shield)
rNeg    + . .      Spirit   .    s - +1 leather armour "Xatameehixa" {rN+ rCorr Dex+3}
rPois   +          Reflect  .    (helmet restricted)
rElec   .          Rampage  .    v - scarf {+Inv}
rCorr   +                        A - +1 pair of gloves
Will    .....                    (boots unavailable)
Stlth   ++                       p - amulet of faith
HPRegen 0.28/turn                r - ring of protection from cold
MPRegen 0.17/turn                w - ring of poison resistance

@: flying quickly and evasively, slowed, very slow
A: beak, talons 3, nimble flight
a: Renounce Religion, Evoke Invisibility


You were on level 10 of the Dungeon.
You worshipped Vehumet.
Vehumet was most pleased with you.
You visited 2 branches of the dungeon, and saw 11 of its levels.
You also visited: Sewer.

You collected 754 gold pieces.

Inventory:

Hand Weapons
 d - a +1 falchion of freezing
 j - a +1 spear of venom (weapon)
Missiles
 h - 5 throwing nets
Armour
 a - a +0 robe
 o - a scarf of repulsion
 s - the +1 leather armour "Xatameehixa" (worn) {rN+ rCorr Dex+3}
   (You found it in a sewer)

   Dex:       It affects your dexterity (+3).
   rN:        It protects you from negative energy.
   rCorr:     It protects you from acid and corrosion.
 v - a scarf of invisibility (worn)
 A - a +1 pair of gloves (worn)
Magical Staves
 F - a staff of death
 N - a staff of earth
Jewellery
 p - an amulet of faith (around neck)
 r - a ring of protection from cold (left hand)
 w - a ring of poison resistance (right hand)
 G - a ring of see invisible
Wands
 t - a wand of paralysis (17)
 B - a wand of iceblast (16)
 D - a wand of digging (3)
 E - a wand of flame (4)
 M - a wand of light (4)
Scrolls
 i - 5 scrolls of vulnerability
 l - 4 scrolls of enchant weapon
 m - a scroll of fear
 n - 6 scrolls of teleportation
 q - 2 scrolls of brand weapon
 y - 2 scrolls of fog
 z - a scroll of blinking
 C - a scroll of poison
 H - 3 scrolls of magic mapping
 I - a scroll of immolation
 J - 2 scrolls of identify
 K - a scroll of amnesia
 L - a scroll of silence
 O - 2 scrolls of torment {unknown}
Potions
 b - 5 potions of magic
 c - 6 potions of flight
 e - 3 potions of haste
 f - 3 potions of curing
 g - 2 potions of ambrosia
 u - 3 potions of brilliance
 x - 2 potions of mutation


   Skills:
 + Level 4.7 Dodging
 - Level 2.0 Stealth
 + Level 7.2 Spellcasting
 * Level 14.8 Conjurations
 - Level 3.0 Hexes
 - Level 3.0 Fire Magic
 - Level 7.0 Air Magic


You had 12 spell levels left.
You knew the following spells:

 Your Spells              Type           Power      Damage    Failure   Level
a - Magic Dart            Conj           100%       1d8       1%          1
b - Searing Ray           Conj           100%       2d8       1%          2
c - Fulminant Prism       Conj/Hex       23%        3d12      1%          4
d - Iskenderun's Mystic   Conj/Tloc      40%        2d9       1%          4

Your spell library contained the following spells:

 Spells                   Type           Power      Damage    Failure   Level
 Momentum Strike          Conj/Tloc      80%        3d10      1%          2
 Dazzling Flash           Conj/Hex       94%        N/A       1%          3
 Swiftness                Air            38%        N/A       1%          3
 Freezing Cloud           Conj/Ice/Air   19%        6-21      4%          5
 Volatile Blastmotes      Fire/Tloc      28%        2d12      5%          3
 Cigotuvi's Dreadful Rot  Necr/Pois/Air  36%        N/A       7%          2
 Ignite Poison            Fire/Tmut/Pois 12%        N/A       7%          3
 Ensorcelled Hibernation  Hex/Ice        28%        N/A       10%         2
 Apportation              Tloc           14%        N/A       12%         1
 Necrotise                Necr           28%        1d5       12%         1
 Summon Small Mammal      Summ           28%        N/A       12%         1
 Passwall                 Tmut/Erth      5%         N/A       19%         2
 Lee's Rapid Deconstruct  Erth           3%         3d5*      58%         5
 Petrify                  Tmut/Erth      7%         N/A       75%         4
 Metabolic Englaciation   Hex/Ice        7%         N/A       87%         5
 Statue Form              Tmut/Erth      4%         N/A       100%        6


Dungeon Overview and Level Annotations

Branches:
Dungeon (10/15)            Temple (1/1) D:6             Orc (0/2) D:9
  Sewer (visited)
   Lair: D:8-11

Altars:
Ashenzari
Cheibriados
Dithmenos
Elyvilon
Fedhas
Gozag
Hepliaklqana
Kikubaaqudgha
Makhleb
Nemelex Xobeh
Okawaru
Qazlal
Ru
Sif Muna
Trog
Uskayaw
Vehumet
Wu Jian
Xom
Yredelemnul
Zin
The Shining One

Portals:
Trove: D:10 (give 6 scrolls of fog)

Annotations:
D:5 3 runed translucent doors, Smoke131's ghost, novice OgGl
D:10 Erica


Innate Abilities, Weirdness & Mutations

You have a beak for a mouth.
You have claws for feet.
Your magical nature lets you fly swiftly and evasively.


Message History

Blink to where?
Press: ? - help, Dir - move target
As you read the scroll of blinking, it crumbles to dust.
Okay, then.
Casting: Searing Ray (safe; 1% risk of failure)
Confirm with . or Enter, or press ? or * to list all spells.
Aiming: Fulminant Prism (dangerous; 1% risk of failure)
Press: ? - help, Dir - move target You conjure a prism of explosive energy!
A fulminant prism comes into view.
Something hits your fulminant prism!! Something burns your fulminant prism.
Your fulminant prism detonates feebly.
Something tries to affect you, but you resist.
Casting: Fulminant Prism (dangerous; 1% risk of failure)
Confirm with . or Enter, or press ? or * to list all spells.
Aiming: Fulminant Prism (dangerous; 1% risk of failure)
Press: ? - help, Dir - move target You conjure a prism of explosive energy!
A fulminant prism comes into view.
Something tries to affect you, but you resist.
Your fulminant prism crackles loudly.
You are confused.
You bump into the translucent rock wall.
Your fulminant prism explodes!
The blast of energy engulfs something!!
You bump into the rock wall.
You bump into the translucent rock wall.
You feel less confused.
Casting: Fulminant Prism (dangerous; 1% risk of failure)
Confirm with . or Enter, or press ? or * to list all spells.
Aiming: Fulminant Prism (dangerous; 1% risk of failure)
Press: ? - help, Dir - move target You conjure a prism of explosive energy!
A fulminant prism comes into view.
Something hits you!
* * * LOW HITPOINT WARNING * * *
Something burns you.
* * * LOW HITPOINT WARNING * * *
Your fulminant prism crackles loudly.
Something hits you!
You die...

#........# #........#
#.. #........# #..
#........# #..
#.#.#.#### #..
#.......# #..
##.#.#.#.##### #..
###....*.......####..
#...@.#...........'..
#.###.##..####.####..
#.##....>.....<..####
#.#######...####..#
#.# #...# ##.###
#.#######...#####.#..
#.......#............
#######.#....###.#...
#.#......#.#...


You could see a friendly fulminant prism (unaware).

Vanquished Creatures
  Sonja (D:10)
  A hornet (D:9)
  3 vampire mosquitoes (D:10)
  An acid dragon (D:8)
  3 orc warriors
  A black bear (D:7)
  A sky beast (D:3)
  2 ice beasts
  2 ogres
  3 phantoms
  A kobold brigand (D:7)
  3 bullfrogs
  3 gnoll sergeants
  A scorpion (D:4)
  6 wights
  13 killer bees
  10 howler monkeys
  7 hounds
  5 jellies
  6 orc priests
  3 gnoll boudas
  5 iguanas
  A sleepcap (D:4)
  5 orc wizards
  A sickly merfolk siren (Sewer)
  A malarious merfolk avatar (Sewer)
  11 adders
  25 gnolls
  6 river rats
  3 white imps
  4 worms
  2 dart slugs
  29 orcs
  7 endoplasms
  6 giant cockroaches
  10 goblins
  10 hobgoblins
  9 jackals
  6 quokkas
  16 ball pythons
  4 bats
  3 frilled lizards
  12 kobolds
  21 rats
273 creatures vanquished.

Vanquished Creatures (others)
  6 fulminant prisms
  2 plants (D:2)
8 creatures vanquished.

Grand Total: 281 creatures vanquished

Notes
Turn   | Place    | Note
-------+----------+-------------------------------------------
     0 | D:1      | pokedragonboy the Tengu Conjurer began the quest for the
                  | Orb.
     0 | D:1      | Reached XP level 1. HP: 10/10 MP: 4/4
   198 | D:1      | Reached XP level 2. HP: 15/15 MP: 3/6
   201 | D:1      | Learned a level 2 spell: Searing Ray
   294 | D:1      | Reached skill level 1 in Air Magic
   874 | D:1      | Reached XP level 3. HP: 19/19 MP: 2/7
  1159 | D:2      | Reached skill level 6 in Conjurations
  1265 | D:2      | Reached XP level 4. HP: 24/24 MP: 5/8
  1270 | D:2      | Learned a level 4 spell: Fulminant Prism
  1330 | D:2      | Reached skill level 1 in Hexes
  1558 | D:2      | Gained mutation: Your magical nature lets you fly swiftly
                  | and evasively. [Tengu growth]
  1558 | D:2      | Reached XP level 5. HP: 28/28 MP: 8/10
  2686 | D:3      | Reached skill level 7 in Conjurations
  2801 | D:3      | Noticed a sky beast
  2827 | D:3      | Killed a sky beast
  2828 | D:3      | Reached XP level 6. HP: 32/32 MP: 2/11
  2968 | D:3      | Found a broken altar of Ashenzari.
  3093 | D:3      | Found a faded altar of an unknown god.
  3443 | D:4      | Found a glowing drain.
  3469 | Sewer    | Entered a sewer
  3625 | Sewer    | Learned a level 4 spell: Iskenderun's Mystic Blast
  4099 | Sewer    | Reached skill level 8 in Conjurations
  4099 | Sewer    | Reached XP level 7. HP: 35/36 MP: 3/13
  4273 | Sewer    | Identified the +1 leather armour "Xatameehixa" {rN+ rCorr
                  | Dex+3}
  5173 | D:4      | Found a white marble altar of Elyvilon.
  5176 | D:4      | Found a shimmering altar of Xom.
  5179 | D:4      | Found a stormy altar of Qazlal.
  5221 | D:4      | Reached skill level 9 in Conjurations
  5221 | D:4      | Reached XP level 8. HP: 41/41 MP: 8/15
  5669 | D:4      | Reached skill level 5 in Air Magic
  5963 | D:5      | Entered Level 5 of the Dungeon
  6242 | D:5      | Noticed Smoke131's ghost (novice OgGl)
  6244 | D:5      | Found a runed translucent gate.
  6244 | D:5      | Found a runed translucent gate.
  6244 | D:5      | Found a runed translucent gate.
  6434 | D:5      | Reached skill level 10 in Conjurations
  6941 | D:6      | Found a staircase to the Ecumenical Temple.
  6971 | Temple   | Entered the Ecumenical Temple
  6978 | Temple   | Became a worshipper of Vehumet
  7236 | D:6      | Reached skill level 5 in Spellcasting
  7346 | D:6      | Reached skill level 11 in Conjurations
  7346 | D:6      | Reached XP level 9. HP: 45/45 MP: 8/17
  7830 | D:6      | Found a hazy altar of Hepliaklqana.
  7830 | D:6      | Found an ancient bone altar of Kikubaaqudgha.
  8234 | D:7      | Reached skill level 12 in Conjurations
  8282 | D:7      | Reached * piety under Vehumet
  8282 | D:7      | Offered knowledge of Shock by Vehumet.
  8442 | D:7      | Found an iron altar of Okawaru.
  8624 | D:7      | Reached skill level 1 in Fire Magic
  9463 | D:8      | Reached skill level 13 in Conjurations
  9635 | D:8      | Offered knowledge of Scorch by Vehumet.
  9636 | D:8      | Reached XP level 10. HP: 50/50 MP: 13/20
  9720 | D:8      | Reached ** piety under Vehumet
 10694 | D:9      | Found a glowing silver altar of Zin.
 10972 | D:9      | Found a bloodstained altar of Trog.
 11131 | D:9      | Reached skill level 14 in Conjurations
 11133 | D:9      | Offered knowledge of Momentum Strike by Vehumet.
 11341 | D:9      | Reached *** piety under Vehumet
 11496 | D:9      | Found a snail-covered altar of Cheibriados.
 11818 | D:9      | Found a staircase to the Orcish Mines.
 12048 | D:10     | Entered Level 10 of the Dungeon
 12067 | D:10     | Found a portal to a secret trove of treasure.
 12093 | D:10     | Noticed Sonja
 12103 | D:10     | Killed Sonja
 12348 | D:10     | Noticed Erica
 12384 | D:10     | Mangled by Erica

Illustrated notes

Levels and vault maps discovered:
D:1:      saegor_arrival_simple_c, layout_basic
D:2:      layout_rooms, corexii_shack
D:3:      layout_rooms, lemuel_tele_altar, basic_ecumenical_altar,
          palyth_stone_intersect, minmay_ruptured
D:4:      layout_gridville, grunt_temple_overflow_diamond,
          lightli_sewer_entry_pipes
D:5:      layout_rooms, ebering_ghost_rock_garden
D:6:      layout_cave_pools, gammafunk_temple_overflow_pools,
          minmay_temple_entry_grid, lightli_minifort
D:7:      layout_loops_ring, okawaru_trees_1, chequers_serial_rivers_small_3
D:8:      layout_loops_ring, minmay_puff
D:9:      layout_loops_corners, trog_hazing_becter, old_standard_altar,
          cheibriados_altar_1, orc_0_dummy, chequers_hall_statues_wall_a,
          hangedman_abyss_or_decor_lesser_grid, minivault_5,
          chequers_decorated_corner
D:10:     layout_basic, nicolae_trove_entry_isolated, serial_glass,
          glass_columns_a, glass_columns_a, glass_columns_a, glass_columns_a,
          glass_columns_a, glass_columns_a, laboratory, uniq_nergalle,
          uniq_erica, uniq_sonja
Temple:   nicolae_temple_x_marks_the_god

Skill      XL: |  1  2  3  4  5  6  7  8  9 10 |
---------------+-------------------------------+-----
Air Magic      | 1 2 3 4 6 7 |  7.0
Conjurations   | 6 7 8 9 11 13 14 | 14.8
Hexes          | 1 2 3 |  3.0
Spellcasting   | 3 4 5 6 7 |  7.2
Fire Magic     | 2 3 |  3.0
Dodging        | 3 4 |  4.7
Stealth        | |  2.0

Action                     |  1- 3 |  4- 6 |  7- 9 | 10-12 || total
---------------------------+-------+-------+-------+-------++-------
  Melee: Unarmed           |    15 |       |       |       ||    15
         Peck              |     2 |       |     2 |     1 ||     5
         Kick              |     2 |       |     4 |     2 ||     8
         Dagger            |     1 |       |     9 |       ||    10
         Punch             |       |       |     1 |       ||     1
         Spear             |       |       |     3 |    12 ||    15
   Cast: Magic Dart        |    53 |   102 |   123 |    47 ||   325
         Searing Ray       |     5 |    25 |    83 |    37 ||   150
         Fulminant Prism   |       |       |     1 |     6 ||     7
         Iskenderun's Myst |       |       |       |     2 ||     2
    Use: Scroll            |       |     3 |    17 |     4 ||    24
         Potion            |       |       |       |     2 ||     2
 Armour: Robe              |     7 |     3 |     3 |       ||    13
         Leather armour    |       |       |    14 |    15 ||    29
  Dodge: Dodged            |    18 |    13 |    63 |    57 ||   151

Table legend: (Time is in decaauts)
 A = Elapsed time spent in this place.
 B = Non-inter-level travel time spent in this place.
 C = Inter-level travel time spent in this place.
 D = Time resting spent in this place.
 E = Time spent auto-exploring this place.
 F = Levels seen in this place.
 G = Mean time per level.
                   A        B        C        D        E       F      G
               +--------+--------+--------+--------+--------+-----+--------+
         Total |  11864 |  11562 |    302 |   2310 |   7527 |  12 |  988.7 |
       Dungeon |  10993 |  10704 |    289 |   2089 |   7039 |  10 | 1099.3 |
        Temple |     51 |     39 |     12 |      0 |     34 |   1 |   51.0 |
         Sewer |    819 |    819 |      0 |    221 |    453 |   1 |  819.0 |
               +--------+--------+--------+--------+--------+-----+--------+

Top non-repeatable levels by time:
     D:4: 1784 daAuts
     D:9: 1482 daAuts
     D:7: 1316 daAuts
     D:1: 1196 daAuts
     D:3: 1139 daAuts
     D:8: 1116 daAuts
     D:6: 920 daAuts
     D:5: 875 daAuts
     D:2: 834 daAuts
   Sewer: 819 daAuts
    D:10: 327 daAuts
  Temple: 51 daAuts
